 Dungeon Crawl Stone Soup version 0.23-a0-358-g98c7a59ffc (webtiles) character file.

3385 Ablot the Magician (level 10, -2/77 HPs)
             Began as a Gnoll Skald on Oct 22, 2018.
             Was a High Priest of Okawaru.
             Slain by a yak (10 damage)
             ... on level 11 of the Dungeon.
             The game lasted 00:20:53 (6479 turns).

Ablot the Magician (Gnoll Skald)                    Turns: 6479, Time: 00:20:53

Health: -2/77      AC: 17    Str: 14    XL:     10   Next: 4%
Magic:  7/20       EV: 16    Int: 16    God:    Okawaru [*****.]
Gold:   417        SH:  0    Dex: 17    Spells: 4/23 levels left

rFire    . . .     SeeInvis .   s - +4 quarterstaff (chaos)
rCold    . . .     Gourm    .   (shield currently unavailable)
rNeg     . . .     Faith    .   z - +3 leather armour
rPois    .         Spirit   .   (no helmet)
rElec    .         Reflect  .   w - +2 cloak
rCorr    .         Harm     .   O - +2 pair of gloves
MR       +....                  (no boots)
Stlth    +++.......             (no amulet)
HPRegen  0.22/turn              x - ring of protection from magic
MPRegen  0.17/turn              K - +4 ring of protection

@: lethally poisoned (-2 -> -2), singing
A: distributed training, fangs 1, strong nose
a: Heroism, Finesse, Renounce Religion


You were on level 11 of the Dungeon.
You worshipped Okawaru.
Okawaru was extremely pleased with you.
You were hungry.

You visited 2 branches of the dungeon, and saw 10 of its levels.

You collected 417 gold pieces.

Inventory:

Hand Weapons
 a - a +0 spear
 s - a +4 quarterstaff of chaos (weapon)
 Q - the +5 whip of Huteoppi {antimagic, *Contam rElec rPois Dex+3}
   (You found it on level 8 of the Dungeon)

   It reduces the magical energy of the wielder, and disrupts the spells and
   magical abilities of those hit.
   Natural abilities and divine invocations are not affected.
   It affects your dexterity (+3).
   It insulates you from electricity.
   It protects you from poison.
   It causes magical contamination when unequipped.
Missiles
 e - 88 arrows
 i - 262 stones
 k - 50 poisoned needles
 u - 5 tomahawks of returning (quivered)
 B - 58 bolts
 G - 45 sling bullets
Armour
 w - a +2 cloak (worn)
 z - a +3 leather armour (worn)
 O - a +2 pair of gloves (worn)
Jewellery
 f - an uncursed ring of see invisible
 x - a ring of protection from magic (left hand)
 y - the ring "Ajusanan" {rElec Dex+2 Stlth-}
   (You found it on level 4 of the Dungeon)

   [ring of attention]

   It affects your dexterity (+2).
   It insulates you from electricity.
   It makes you less stealthy.
 K - a +4 ring of protection (right hand)
Wands
 c - a wand of flame (26)
 n - a wand of acid (6)
 D - a wand of paralysis (22)
Scrolls
 b - a scroll of enchant armour {unknown}
 g - 4 scrolls of magic mapping
 j - 2 scrolls of amnesia {unknown}
 m - 2 scrolls of teleportation {unknown}
 p - 2 scrolls of immolation {unknown}
 r - a scroll of fog {unknown}
 A - a scroll of noise {unknown}
 E - a scroll of blinking
 F - 3 scrolls of enchant weapon {unknown}
 H - a scroll of remove curse
 M - a scroll of fear {unknown}
Potions
 h - 2 potions of cancellation
 l - a potion of haste {unknown}
 t - a potion of magic {unknown}
 v - a potion of curing
 C - 2 potions of agility {unknown}
 I - 2 potions of invisibility {unknown}
 J - 2 potions of might {unknown}
 L - a potion of heal wounds {unknown}
 N - a potion of lignification {unknown}
 P - a potion of brilliance {unknown}
Comestibles
 d - 11 rations


   Skills:
 + Level 6.7 Fighting
 + Level 4.7 Short Blades
 + Level 4.7 Long Blades
 + Level 4.7 Axes
 + Level 4.7 Maces & Flails
 + Level 6.7 Polearms
 + Level 4.7 Staves
 + Level 4.7 Slings
 + Level 4.7 Bows
 + Level 4.7 Crossbows
 + Level 4.7 Throwing
 + Level 5.4 Armour
 + Level 6.7 Dodging
 + Level 4.7 Stealth
 + Level 4.7 Shields
 + Level 4.7 Unarmed Combat
 + Level 7.0 Spellcasting
 + Level 3.9 Conjurations
 + Level 3.9 Hexes
 + Level 6.8 Charms
 + Level 3.9 Summonings
 + Level 3.9 Necromancy
 + Level 3.9 Translocations
 + Level 3.9 Transmutations
 + Level 3.9 Fire Magic
 + Level 3.9 Ice Magic
 + Level 3.9 Air Magic
 + Level 3.9 Earth Magic
 + Level 3.9 Poison Magic
 + Level 5.2 Invocations
 + Level 4.7 Evocations


You had 4 spell levels left.
You knew the following spells:

 Your Spells              Type           Power        Failure   Level  Hunger
a - Infusion              Chrm           ####         1%          1    None
b - Song of Slaying       Chrm           ####....     1%          2    None
c - Shroud of Golubria    Chrm/Tloc      ###.......   2%          2    None
d - Regeneration          Chrm/Necr      ###.......   4%          3    ##.....
e - Spectral Weapon       Hex/Chrm       ###.....     4%          3    ##.....
f - Confuse               Hex            ###.....     9%          3    ##.....
g - Blink                 Tloc           N/A          4%          2    None
h - Conjure Flame         Conj/Fire      ###.....     9%          3    ##.....

Your spell library contained the following spells:

 Spells                   Type           Power        Failure   Level  Hunger
 Confusing Touch          Hex            ###...       3%          1    None
 Magic Dart               Conj           ###.         3%          1    None
 Call Imp                 Summ           ###.....     4%          2    None
 Poisonous Vapours        Pois/Air       ###...       4%          2    None
 Slow                     Hex            ###.....     4%          2    None
 Gell's Gravitas          Tloc           ###.......   9%          3    ##.....
 Mephitic Cloud           Conj/Pois/Air  ###.....     9%          3    ##.....
 Petrify                  Tmut/Erth      ###.....     30%         4    ####...
 Metabolic Englaciation   Hex/Ice        ###.......   63%         5    #####..
 Yara's Violent Unravell  Hex/Tmut       ###.......   63%         5    #####..
 Freezing Cloud           Conj/Ice/Air   ###.......   99%         6    #######
 Ring of Flames           Chrm/Fire      ###.......   100%        7    #######


Dungeon Overview and Level Annotations

Branches:
Dungeon (8/15)             Temple (1/1) D:4
   Lair: D:8-11

Altars:
Ashenzari
Cheibriados
Dithmenos
Elyvilon
Fedhas
Gozag
Hepliaklqana
Kikubaaqudgha
Makhleb
Nemelex Xobeh
Okawaru
Qazlal
Ru
Sif Muna
Trog
Uskayaw
Vehumet
Wu Jian
Xom
Yredelemnul
Zin
The Shining One

Annotations:
D:5 flight


Innate Abilities, Weirdness & Mutations

Your experience applies equally to all skills.
You have very sharp teeth.
Your uncanny sense of smell can sniff out nearby items.


Message History

Your shroud falls apart!
The yak gores you but does no damage. The yak misses you.
You hit the yak. You burn the yak.
The yak is almost dead.
Your spectral weapon hits the yak.
You kill the yak!
Okawaru accepts your kill.
You have reached level 10!
The yak gores you but does no damage. The yak gores you!
* * * LOW HITPOINT WARNING * * *
You sock the yak!
The yak is moderately wounded.
You feel sick.
Your spectral weapon hits the yak!
Your spectral weapon drains the yak!
You kill the yak!
Okawaru accepts your kill.
You can now speed up your combat.
Okawaru will gift you equipment as you gain piety.
Your Spellcasting skill increases to level 7!
The yak gores you!
You die...

...........# ..........#
#..##...## ##..##...#
#........# #. #........# #.
#........# #.## #.(......#
#... #†@†.....# #>..
######Y##.[..#
....#######...##.##....####
....#.............#.......#
....'.............#.......#
##..#.............#.......#
#..#....Y........#.......#
#..#.............#.......#
...#######################


You could see a yak and a friendly spectral quarterstaff of chaos.

Vanquished Creatures
  A polar bear (shapeshifter) (D:11)
  A hippogriff (D:8)
  4 yaks (D:11)
  An orc warrior (D:6)
  An ice beast (D:11)
  3 sky beasts
  A black bear (D:6)
  2 ogres
  2 centaurs
  4 bullfrogs
  4 killer bees (D:7)
  2 crimson imps
  2 jellies
  Crazy Yiuf (D:3)
  6 orc priests
  A bullfrog skeleton (D:4)
  A hound (D:8)
  2 centaur skeletons
  3 iguanas
  Terence (D:3)
  Natasha (thrice) (D:3)
  6 orc wizards
  4 worker ants
  A hound zombie (D:6)
  A hound skeleton (D:5)
  A gnoll (D:6)
  A worker ant zombie (D:5)
  9 adders
  2 shadow imps
  An ooze (D:7)
  An adder zombie (D:5)
  A worm (D:4)
  3 dart slugs
  2 leopard geckos
  34 orcs
  5 giant cockroaches
  6 goblins
  6 hobgoblins
  4 kobolds
  5 quokkas
  A ball python (D:2)
  3 bats (D:1)
  3 frilled lizards
  A jackal skeleton (D:6)
  A jackal zombie (D:8)
  A quokka skeleton (D:8)
149 creatures vanquished.

Vanquished Creatures (others)
  4 spectral weapons
4 creatures vanquished.

Grand Total: 153 creatures vanquished

Notes
Turn   | Place    | Note
-------+----------+-------------------------------------------
     0 | D:1      | Ablot the Gnoll Skald began the quest for the Orb.
     0 | D:1      | Reached XP level 1. HP: 20/20 MP: 6/6
   236 | D:1      | Reached XP level 2. HP: 26/26 MP: 7/7
   245 | D:1      | Learned a level 2 spell: Song of Slaying
   248 | D:1      | Learned a level 2 spell: Shroud of Golubria
   999 | D:2      | Reached XP level 3. HP: 29/31 MP: 9/9
  1004 | D:2      | Learned a level 3 spell: Regeneration
  1008 | D:2      | Learned a level 3 spell: Spectral Weapon
  1203 | D:2      | Reached skill level 5 in Spellcasting
  1699 | D:3      | Reached skill level 1 in Invocations
  1700 | D:3      | Noticed Terence
  1729 | D:3      | Killed Terence
  1729 | D:3      | Reached skill level 1 in Short Blades
  1729 | D:3      | Reached skill level 1 in Long Blades
  1729 | D:3      | Reached skill level 1 in Axes
  1729 | D:3      | Reached skill level 1 in Maces & Flails
  1729 | D:3      | Reached skill level 1 in Staves
  1729 | D:3      | Reached skill level 1 in Slings
  1729 | D:3      | Reached skill level 1 in Bows
  1729 | D:3      | Reached skill level 1 in Crossbows
  1729 | D:3      | Reached skill level 1 in Throwing
  1729 | D:3      | Reached skill level 1 in Stealth
  1729 | D:3      | Reached skill level 1 in Shields
  1729 | D:3      | Reached skill level 1 in Unarmed Combat
  1729 | D:3      | Reached skill level 1 in Evocations
  1729 | D:3      | Reached XP level 4. HP: 18/38 MP: 3/11
  1910 | D:3      | Found a burning altar of Makhleb.
  1965 | D:3      | Reached skill level 1 in Conjurations
  1965 | D:3      | Reached skill level 1 in Hexes
  1965 | D:3      | Reached skill level 1 in Summonings
  1965 | D:3      | Reached skill level 1 in Necromancy
  1965 | D:3      | Reached skill level 1 in Translocations
  1965 | D:3      | Reached skill level 1 in Transmutations
  1965 | D:3      | Reached skill level 1 in Fire Magic
  1965 | D:3      | Reached skill level 1 in Ice Magic
  1965 | D:3      | Reached skill level 1 in Air Magic
  1965 | D:3      | Reached skill level 1 in Earth Magic
  1965 | D:3      | Reached skill level 1 in Poison Magic
  2003 | D:3      | Noticed Natasha
  2029 | D:3      | Killed Natasha
  2029 | D:3      | Reached XP level 5. HP: 13/43 MP: 1/12
  2114 | D:3      | Noticed Natasha
  2128 | D:3      | Killed Natasha
  2288 | D:3      | Found a runed door.
  2332 | D:3      | Noticed Natasha
  2340 | D:3      | Killed Natasha
  2458 | D:3      | Noticed Crazy Yiuf
  2463 | D:3      | Killed Crazy Yiuf
  2518 | D:4      | Found a staircase to the Ecumenical Temple.
  2531 | D:4      | Reached XP level 6. HP: 9/50 MP: 1/13
  2549 | Temple   | Entered the Ecumenical Temple
  2811 | Temple   | Became a worshipper of Warmaster Okawaru
  2872 | D:4      | Reached skill level 5 in Fighting
  2872 | D:4      | Reached skill level 5 in Polearms
  2872 | D:4      | Reached skill level 5 in Dodging
  3005 | D:4      | Learned a level 3 spell: Confuse
  3011 | D:4      | Got a coiled tin ring
  3012 | D:4      | Identified the ring "Ajusanan" {rElec Dex+2 Stlth-} (You
                  | found it on level 4 of the Dungeon)
  3280 | D:5      | Entered Level 5 of the Dungeon
  3304 | D:5      | Reached XP level 7. HP: 56/56 MP: 15/15
  3349 | D:5      | Reached * piety under Okawaru
  3614 | D:5      | Reached XP level 8. HP: 63/63 MP: 12/16
  3793 | D:5      | Learned a level 2 spell: Blink
  4136 | D:6      | Reached ** piety under Okawaru
  4199 | D:6      | Reached skill level 6 in Spellcasting
  5273 | D:7      | Learned a level 3 spell: Conjure Flame
  5497 | D:7      | Reached XP level 9. HP: 65/69 MP: 18/18
  5503 | D:7      | Reached *** piety under Okawaru
  6117 | D:8      | Reached skill level 5 in Armour
  6182 | D:8      | Reached **** piety under Okawaru
  6223 | D:8      | Got a twisted whip
  6224 | D:8      | Identified the +5 whip of Huteoppi {antimagic, *Contam
                  | rElec rPois Dex+3} (You found it on level 8 of the Dungeon)
  6325 | D:8      | You fall through a shaft for 3 floors!
  6465 | D:11     | Noticed a black mamba
  6465 | D:11     | a yak changed into a black mamba
  6466 | D:11     | Noticed a guardian serpent
  6466 | D:11     | a black mamba changed into a guardian serpent
  6468 | D:11     | Noticed a polar bear
  6468 | D:11     | a guardian serpent changed into a polar bear
  6469 | D:11     | Killed a polar bear
  6469 | D:11     | Reached skill level 5 in Invocations
  6478 | D:11     | Reached XP level 10. HP: 17/77 MP: 6/20
  6479 | D:11     | Reached ***** piety under Okawaru
  6479 | D:11     | Reached skill level 7 in Spellcasting
  6479 | D:11     | Slain by a yak

Vault maps used:
D:1:      co_arrival_random_square_maze
D:2:      grunt_decor_fettered, minmay_crystal_room
D:3:      old_standard_altar, nrook_loot_triangle, uniq_natasha, uniq_terence,
          uniq_crazy_yiuf_cottage
D:4:      minmay_temple_entry_junction, first_ration
D:5:      chequers_serial_rivers_large_a, minmay_misc_feat_alley,
          chequers_serial_rivers_micro_e
D:6:      minivault_5
D:11:     erik_lair_orcish_takeover
Temple:   nicolae_temple_the_god_donut

Skill      XL: |  1  2  3  4  5  6  7  8  9 10 |
---------------+-------------------------------+-----
Spellcasting   | 5 6 7 |  7.0
Invocations    | 1 2 3 4 5 |  5.2
Short Blades   | 1 2 3 4 |  4.7
Long Blades    | 1 2 3 4 |  4.7
Axes           | 1 2 3 4 |  4.7
Maces & Flails | 1 2 3 4 |  4.7
Staves         | 1 2 3 4 |  4.7
Slings         | 1 2 3 4 |  4.7
Bows           | 1 2 3 4 |  4.7
Crossbows      | 1 2 3 4 |  4.7
Throwing       | 1 2 3 4 |  4.7
Stealth        | 1 2 3 4 |  4.7
Shields        | 1 2 3 4 |  4.7
Unarmed Combat | 1 2 3 4 |  4.7
Evocations     | 1 2 3 4 |  4.7
Conjurations   | 1 2 3 |  3.9
Hexes          | 1 2 3 |  3.9
Summonings     | 1 2 3 |  3.9
Necromancy     | 1 2 3 |  3.9
Translocations | 1 2 3 |  3.9
Transmutations | 1 2 3 |  3.9
Fire Magic     | 1 2 3 |  3.9
Ice Magic      | 1 2 3 |  3.9
Air Magic      | 1 2 3 |  3.9
Earth Magic    | 1 2 3 |  3.9
Poison Magic   | 1 2 3 |  3.9
Armour         | 3 4 5 |  5.4
Fighting       | 5 6 |  6.7
Polearms       | 5 6 |  6.7
Dodging        | 5 6 |  6.7
Charms         | 6 |  6.8

Action                   |  1- 3 |  4- 6 |  7- 9 | 10-12 || total
-------------------------+-------+-------+-------+-------++-------
Melee: Spear             |   115 |    77 |       |       ||   192
       Bite              |     8 |     8 |    30 |       ||    46
       Punch             |       |     2 |       |       ||     2
       Quarterstaff      |       |    36 |   236 |     1 ||   273
 Fire: Hand crossbow     |       |       |    23 |       ||    23
Throw: Tomahawk          |       |     1 |     3 |       ||     4
 Cast: Spectral Weapon   |     1 |    11 |    18 |       ||    30
       Shroud of Golubri |     1 |     9 |    19 |       ||    29
       Infusion          |     1 |     3 |       |       ||     4
       Song of Slaying   |     1 |     1 |     8 |       ||    10
       Regeneration      |       |     5 |     8 |       ||    13
  Use: Scroll            |       |     6 |     7 |       ||    13
       Potion            |       |     1 |       |       ||     1
 Stab: Sleeping          |     4 |     1 |     2 |       ||     7
       Paralysed         |       |     2 |     1 |       ||     3
       Distracted        |       |       |     1 |       ||     1
  Eat: Chunk             |     2 |     7 |    12 |       ||    21
Armor: Leather armour    |    13 |    12 |    94 |     1 ||   120
Dodge: Dodged            |    47 |    61 |   185 |       ||   293

Table legend:
 A = Non-vault XP
 B = Vault XP
 C = Vault XP percentage of total XP
 D = Non-vault monster count
 E = Vault monster count
 F = Vault count percentage of total count
                 A         B        C        D         E       F
            +---------+---------+-------+---------+---------+-------
      Total |    4723 |     113 |   2.3 |     146 |       3 |   2.0
            +---------+---------+-------+---------+---------+-------
        D:1 |      29 |       0 |   0.0 |      16 |       0 |   0.0
        D:2 |      25 |       0 |   0.0 |       7 |       0 |   0.0
        D:3 |     116 |     113 |  49.3 |      17 |       3 |  15.0
        D:4 |     291 |       0 |   0.0 |      17 |       0 |   0.0
        D:5 |     642 |       0 |   0.0 |      26 |       0 |   0.0
        D:6 |     638 |       0 |   0.0 |      16 |       0 |   0.0
        D:7 |     998 |       0 |   0.0 |      23 |       0 |   0.0
        D:8 |     732 |       0 |   0.0 |      17 |       0 |   0.0
       D:11 |    1252 |       0 |   0.0 |       7 |       0 |   0.0
            +---------+---------+-------+---------+---------+-------
